Unix NetHack Version 3.7.0-66 Work-in-progress - last build Dec 26 2022 05:50:31 (55254d10815e23f0e7c0ebc937178fe17f3ffff8,branch:master).

Game began 2023-01-01 18:05:07, ended 2023-01-12 19:51:24.

spontiff, neutral male gnomish Healer

  
unexplored area
unexplored area
unexplored area
unexplored area
unexplored area
unexplored area
unexplored area
unexplored area
unexplored area
unexplored area
unexplored area
unexplored area
unexplored area
unexplored area
unexplored area
unexplored area
unexplored area
unexplored area
unexplored area
unexplored area
unexplored area
unexplored area
unexplored area
unexplored area
unexplored area
unexplored area
unexplored area
unexplored area
unexplored area
unexplored area
unexplored area
unexplored area
unexplored area
unexplored area
unexplored area
unexplored area
unexplored area
unexplored area
unexplored area
unexplored area
unexplored area
unexplored area
unexplored area
unexplored area
unexplored area
unexplored area
unexplored area
unexplored area
unexplored area
unexplored area
unexplored area
unexplored area
unexplored area
unexplored area
unexplored area
unexplored area
unexplored area
unexplored area
unexplored area
unexplored area
unexplored area
unexplored area
unexplored area
unexplored area
unexplored area
unexplored area
unexplored area
unexplored area
unexplored area
unexplored area
unexplored area
unexplored area
unexplored area
unexplored area
unexplored area
unexplored area
unexplored area
unexplored area
unexplored area
unexplored area
unexplored area
unexplored area
unexplored area
unexplored area
unexplored area
unexplored area
unexplored area
unexplored area
unexplored area
unexplored area
unexplored area
unexplored area
unexplored area
unexplored area
unexplored area
unexplored area
unexplored area
unexplored area
unexplored area
wall
wall
wall
wall
wall
wall
unexplored area
unexplored area
unexplored area
unexplored area
unexplored area
unexplored area
unexplored area
unexplored area
unexplored area
unexplored area
unexplored area
unexplored area
unexplored area
unexplored area
unexplored area
unexplored area
unexplored area
unexplored area
unexplored area
unexplored area
unexplored area
unexplored area
unexplored area
unexplored area
unexplored area
unexplored area
unexplored area
unexplored area
unexplored area
unexplored area
unexplored area
unexplored area
unexplored area
unexplored area
unexplored area
unexplored area
unexplored area
unexplored area
unexplored area
unexplored area
unexplored area
unexplored area
unexplored area
unexplored area
unexplored area
unexplored area
unexplored area
unexplored area
unexplored area
unexplored area
unexplored area
unexplored area
unexplored area
unexplored area
unexplored area
unexplored area
unexplored area
unexplored area
unexplored area
unexplored area
unexplored area
unexplored area
unexplored area
unexplored area
unexplored area
unexplored area
unexplored area
unexplored area
unexplored area
unexplored area
unexplored area
unexplored area
unexplored area
wall
.dark part of a room
.dark part of a room
.dark part of a room
.dark part of a room
wall
unexplored area
unexplored area
unexplored area
unexplored area
unexplored area
unexplored area
unexplored area
unexplored area
unexplored area
unexplored area
unexplored area
unexplored area
unexplored area
unexplored area
unexplored area
unexplored area
unexplored area
unexplored area
unexplored area
unexplored area
unexplored area
unexplored area
unexplored area
unexplored area
unexplored area
unexplored area
unexplored area
unexplored area
unexplored area
unexplored area
unexplored area
unexplored area
unexplored area
unexplored area
unexplored area
unexplored area
unexplored area
unexplored area
unexplored area
unexplored area
unexplored area
unexplored area
unexplored area
unexplored area
unexplored area
unexplored area
unexplored area
unexplored area
unexplored area
unexplored area
unexplored area
unexplored area
unexplored area
unexplored area
unexplored area
unexplored area
unexplored area
unexplored area
unexplored area
unexplored area
unexplored area
unexplored area
wall
wall
wall
wall
wall
wall
stone
stone
stone
stone
unexplored area
wall
.dark part of a room
^rust trap
.dark part of a room
.dark part of a room
wall
unexplored area
unexplored area
unexplored area
unexplored area
unexplored area
unexplored area
unexplored area
unexplored area
unexplored area
unexplored area
stone
stone
stone
stone
stone
stone
stone
stone
stone
stone
stone
stone
stone
stone
stone
stone
stone
stone
stone
stone
stone
stone
stone
stone
stone
stone
stone
stone
stone
stone
unexplored area
unexplored area
unexplored area
unexplored area
unexplored area
unexplored area
unexplored area
unexplored area
unexplored area
unexplored area
unexplored area
unexplored area
unexplored area
unexplored area
unexplored area
unexplored area
unexplored area
unexplored area
unexplored area
unexplored area
unexplored area
unexplored area
wall
.dark part of a room
.dark part of a room
.dark part of a room
.dark part of a room
wall
corridor
corridor
corridor
stone
stone
wall
.dark part of a room
.dark part of a room
.dark part of a room
.dark part of a room
wall
stone
stone
stone
corridor
stone
stone
stone
stone
stone
stone
stone
corridor
corridor
corridor
corridor
corridor
corridor
corridor
corridor
corridor
corridor
corridor
corridor
corridor
corridor
corridor
)a dart
corridor
corridor
corridor
corridor
corridor
corridor
corridor
corridor
corridor
corridor
corridor
corridor
stone
unexplored area
unexplored area
unexplored area
unexplored area
unexplored area
unexplored area
unexplored area
unexplored area
unexplored area
unexplored area
unexplored area
unexplored area
unexplored area
unexplored area
unexplored area
unexplored area
unexplored area
unexplored area
unexplored area
unexplored area
unexplored area
unexplored area
wall
.dark part of a room
.dark part of a room
.dark part of a room
.dark part of a room
wall
stone
stone
corridor
corridor
corridor
wall
.doorway
wall
.doorway
.doorway
wall
corridor
corridor
corridor
corridor
corridor
corridor
corridor
corridor
corridor
corridor
corridor
corridor
corridor
corridor
corridor
corridor
corridor
corridor
corridor
corridor
corridor
corridor
corridor
corridor
corridor
corridor
corridor
corridor
corridor
corridor
corridor
corridor
wall
wall
wall
wall
wall
wall
corridor
stone
unexplored area
unexplored area
unexplored area
unexplored area
unexplored area
unexplored area
unexplored area
unexplored area
unexplored area
unexplored area
unexplored area
unexplored area
unexplored area
unexplored area
unexplored area
unexplored area
unexplored area
unexplored area
unexplored area
unexplored area
unexplored area
unexplored area
wall
.dark part of a room
.dark part of a room
.dark part of a room
.dark part of a room
-open door
corridor
)a curved sword
[an orcish helm
)a curved sword
corridor
corridor
corridor
corridor
corridor
corridor
corridor
*a rock
corridor
corridor
corridor
corridor
corridor
corridor
wall
wall
.doorway
.doorway
wall
wall
wall
wall
wall
wall
wall
wall
wall
stone
stone
stone
stone
stone
stone
stone
stone
stone
corridor
corridor
corridor
)a dart
.dark part of a room
.dark part of a room
)27 darts
.dark part of a room
wall
corridor
stone
stone
stone
stone
stone
stone
stone
stone
stone
stone
unexplored area
unexplored area
unexplored area
unexplored area
unexplored area
unexplored area
unexplored area
unexplored area
unexplored area
unexplored area
unexplored area
unexplored area
unexplored area
wall
.dark part of a room
*2 worthless pieces of blue glass
.dark part of a room
<staircase up
wall
stone
stone
stone
stone
stone
stone
stone
stone
corridor
corridor
corridor
corridor
corridor
*some stones
corridor
0a boulder
stone
corridor
.doorway
*50 rocks
.dark part of a room
.dark part of a room
agiant ant, can't move (paralyzed or sleeping or busy)
(an uncursed pick-axe
agiant ant
.dark part of a room
.dark part of a room
.dark part of a room
.dark part of a room
*32 rocks
wall
stone
stone
stone
stone
stone
corridor
corridor
corridor
corridor
corridor
stone
corridor
wall
.dark part of a room
.dark part of a room
.dark part of a room
.dark part of a room
wall
corridor
corridor
corridor
corridor
corridor
corridor
corridor
corridor
corridor
corridor
stone
unexplored area
unexplored area
unexplored area
unexplored area
unexplored area
unexplored area
unexplored area
unexplored area
unexplored area
unexplored area
unexplored area
unexplored area
unexplored area
wall
.dark part of a room
.dark part of a room
.dark part of a room
.dark part of a room
wall
unexplored area
unexplored area
unexplored area
unexplored area
unexplored area
unexplored area
unexplored area
stone
corridor
*some stones
corridor
corridor
*some stones
corridor
*some stones
stone
corridor
corridor
.doorway
.dark part of a room
.dark part of a room
.dark part of a room
.floor of a room
.floor of a room
*53 rocks
.dark part of a room
.dark part of a room
.dark part of a room
.dark part of a room
.dark part of a room
.doorway
corridor
corridor
corridor
corridor
corridor
corridor
stone
stone
corridor
corridor
corridor
corridor
-open door
.dark part of a room
.dark part of a room
.dark part of a room
>staircase down
wall
stone
stone
stone
stone
stone
stone
stone
wall
wall
.doorway
wall
wall
unexplored area
unexplored area
unexplored area
unexplored area
unexplored area
unexplored area
unexplored area
unexplored area
unexplored area
unexplored area
unexplored area
unexplored area
wall
wall
wall
wall
wall
wall
unexplored area
unexplored area
unexplored area
unexplored area
unexplored area
unexplored area
unexplored area
*some stones
stone
corridor
corridor
corridor
corridor
corridor
corridor
corridor
corridor
corridor
-open door
.dark part of a room
.dark part of a room
.dark part of a room
wall
wall
wall
wall
wall
.dark part of a room
)a dagger
.dark part of a room
wall
corridor
stone
stone
stone
stone
stone
stone
stone
corridor
stone
stone
corridor
wall
.dark part of a room
.dark part of a room
.dark part of a room
.dark part of a room
.doorway
corridor
corridor
corridor
corridor
corridor
corridor
corridor
.doorway
.dark part of a room
.dark part of a room
.dark part of a room
wall
unexplored area
unexplored area
unexplored area
unexplored area
unexplored area
unexplored area
unexplored area
unexplored area
unexplored area
unexplored area
unexplored area
unexplored area
unexplored area
unexplored area
unexplored area
unexplored area
unexplored area
unexplored area
unexplored area
unexplored area
unexplored area
unexplored area
unexplored area
unexplored area
unexplored area
unexplored area
unexplored area
stone
corridor
stone
corridor
*some stones
corridor
corridor
stone
corridor
.doorway
.dark part of a room
.dark part of a room
.dark part of a room
.doorway
.dark part of a room
fountain
.dark part of a room
.doorway
)a dagger
.dark part of a room
.dark part of a room
wall
corridor
stone
unexplored area
unexplored area
stone
corridor
corridor
corridor
corridor
stone
stone
corridor
wall
wall
wall
wall
wall
wall
stone
stone
stone
stone
stone
stone
stone
wall
.dark part of a room
(a beartrap
.dark part of a room
wall
unexplored area
unexplored area
unexplored area
unexplored area
unexplored area
unexplored area
unexplored area
unexplored area
unexplored area
unexplored area
unexplored area
unexplored area
unexplored area
unexplored area
unexplored area
unexplored area
unexplored area
unexplored area
unexplored area
unexplored area
unexplored area
unexplored area
wall
wall
wall
wall
wall
unexplored area
unexplored area
unexplored area
unexplored area
corridor
corridor
*some stones
0a boulder
corridor
wall
.dark part of a room
.dark part of a room
*47 rocks
.doorway
fountain
.dark part of a room
fountain
wall
*39 rocks
.dark part of a room
.dark part of a room
wall
corridor
stone
stone
stone
stone
corridor
stone
stone
stone
stone
stone
corridor
corridor
corridor
corridor
corridor
corridor
corridor
corridor
corridor
corridor
corridor
corridor
corridor
corridor
[a +0 studded leather armor
.dark part of a room
.dark part of a room
.dark part of a room
wall
unexplored area
unexplored area
unexplored area
unexplored area
unexplored area
unexplored area
unexplored area
unexplored area
unexplored area
unexplored area
unexplored area
unexplored area
unexplored area
unexplored area
unexplored area
unexplored area
unexplored area
unexplored area
unexplored area
unexplored area
unexplored area
unexplored area
wall
.dark part of a room
.dark part of a room
.dark part of a room
wall
stone
stone
unexplored area
unexplored area
unexplored area
*some stones
corridor
stone
corridor
.doorway
.dark part of a room
.dark part of a room
)a dagger
.doorway
.dark part of a room
fountain
.dark part of a room
wall
)a curved sword
.dark part of a room
.dark part of a room
wall
corridor
stone
stone
corridor
corridor
corridor
stone
unexplored area
unexplored area
unexplored area
stone
stone
stone
stone
stone
stone
stone
stone
stone
stone
stone
stone
stone
stone
stone
wall
wall
wall
wall
wall
unexplored area
unexplored area
unexplored area
unexplored area
unexplored area
unexplored area
unexplored area
unexplored area
unexplored area
unexplored area
unexplored area
unexplored area
unexplored area
unexplored area
unexplored area
unexplored area
unexplored area
unexplored area
unexplored area
unexplored area
unexplored area
unexplored area
wall
.dark part of a room
.dark part of a room
.dark part of a room
-open door
corridor
stone
stone
stone
stone
unexplored area
unexplored area
stone
corridor
.doorway
.dark part of a room
.dark part of a room
.dark part of a room
wall
wall
wall
wall
wall
.dark part of a room
.dark part of a room
.dark part of a room
wall
corridor
stone
stone
corridor
stone
stone
stone
unexplored area
unexplored area
unexplored area
unexplored area
unexplored area
unexplored area
unexplored area
unexplored area
unexplored area
unexplored area
unexplored area
unexplored area
unexplored area
unexplored area
unexplored area
unexplored area
unexplored area
unexplored area
unexplored area
unexplored area
unexplored area
unexplored area
unexplored area
unexplored area
unexplored area
unexplored area
unexplored area
unexplored area
unexplored area
unexplored area
unexplored area
unexplored area
unexplored area
unexplored area
unexplored area
unexplored area
unexplored area
unexplored area
unexplored area
unexplored area
unexplored area
unexplored area
unexplored area
unexplored area
unexplored area
.doorway
.dark part of a room
.dark part of a room
.dark part of a room
.doorway
corridor
corridor
corridor
corridor
stone
stone
stone
stone
corridor
wall
.dark part of a room
.dark part of a room
.dark part of a room
.dark part of a room
.dark part of a room
.dark part of a room
.dark part of a room
.dark part of a room
.dark part of a room
.dark part of a room
.dark part of a room
wall
corridor
stone
corridor
corridor
stone
unexplored area
unexplored area
unexplored area
unexplored area
unexplored area
unexplored area
unexplored area
unexplored area
unexplored area
unexplored area
unexplored area
unexplored area
unexplored area
unexplored area
unexplored area
unexplored area
unexplored area
unexplored area
unexplored area
unexplored area
unexplored area
unexplored area
unexplored area
unexplored area
unexplored area
unexplored area
unexplored area
unexplored area
unexplored area
unexplored area
unexplored area
unexplored area
unexplored area
unexplored area
unexplored area
unexplored area
unexplored area
unexplored area
unexplored area
unexplored area
unexplored area
unexplored area
unexplored area
unexplored area
unexplored area
unexplored area
unexplored area
wall
.dark part of a room
.dark part of a room
.dark part of a room
-open door
corridor
corridor
corridor
corridor
corridor
corridor
corridor
corridor
corridor
.doorway
.dark part of a room
.dark part of a room
.dark part of a room
.dark part of a room
.dark part of a room
.dark part of a room
.dark part of a room
.dark part of a room
.dark part of a room
.dark part of a room
*64 rocks
wall
corridor
stone
corridor
stone
stone
unexplored area
unexplored area
unexplored area
unexplored area
unexplored area
unexplored area
unexplored area
unexplored area
unexplored area
unexplored area
unexplored area
unexplored area
unexplored area
unexplored area
unexplored area
unexplored area
unexplored area
unexplored area
unexplored area
unexplored area
unexplored area
unexplored area
unexplored area
unexplored area
unexplored area
unexplored area
unexplored area
unexplored area
unexplored area
unexplored area
unexplored area
unexplored area
unexplored area
unexplored area
unexplored area
unexplored area
unexplored area
unexplored area
unexplored area
unexplored area
unexplored area
unexplored area
unexplored area
unexplored area
unexplored area
unexplored area
unexplored area
.doorway
.dark part of a room
.dark part of a room
.dark part of a room
wall
stone
stone
stone
stone
stone
stone
corridor
corridor
corridor
wall
wall
wall
wall
wall
wall
wall
wall
wall
wall
wall
wall
wall
corridor
corridor
corridor
stone
unexplored area
unexplored area
unexplored area
unexplored area
unexplored area
unexplored area
unexplored area
unexplored area
unexplored area
unexplored area
unexplored area
unexplored area
unexplored area
unexplored area
unexplored area
unexplored area
unexplored area
unexplored area
unexplored area
unexplored area
unexplored area
unexplored area
unexplored area
unexplored area
unexplored area
unexplored area
unexplored area
unexplored area
unexplored area
unexplored area
unexplored area
unexplored area
unexplored area
unexplored area
unexplored area
unexplored area
unexplored area
unexplored area
unexplored area
unexplored area
unexplored area
unexplored area
unexplored area
unexplored area
unexplored area
unexplored area
unexplored area
unexplored area
wall
.doorway
.doorway
wall
wall
unexplored area
unexplored area
unexplored area
unexplored area
unexplored area
stone
stone
stone
corridor
corridor
corridor
corridor
corridor
corridor
corridor
corridor
corridor
corridor
corridor
corridor
corridor
corridor
corridor
stone
stone
stone
unexplored area
unexplored area
unexplored area
unexplored area
unexplored area
unexplored area
unexplored area
unexplored area
unexplored area
unexplored area
unexplored area
unexplored area
unexplored area
unexplored area
unexplored area
unexplored area
unexplored area
unexplored area
unexplored area
unexplored area
unexplored area
unexplored area
unexplored area
unexplored area
unexplored area
unexplored area
unexplored area
unexplored area
unexplored area
unexplored area
unexplored area
unexplored area
unexplored area
unexplored area
unexplored area
unexplored area
unexplored area
unexplored area
unexplored area
unexplored area
unexplored area
unexplored area
unexplored area
unexplored area
unexplored area
unexplored area
unexplored area
unexplored area
unexplored area
unexplored area
unexplored area
unexplored area
unexplored area
unexplored area
unexplored area
unexplored area
unexplored area
unexplored area
unexplored area
unexplored area
stone
stone
stone
stone
stone
stone
stone
stone
stone
stone
stone
stone
stone
stone
stone
stone
stone
unexplored area
unexplored area
unexplored area
unexplored area
unexplored area
unexplored area
unexplored area
unexplored area
unexplored area
unexplored area
unexplored area
unexplored area
unexplored area
unexplored area
unexplored area
unexplored area
unexplored area
unexplored area
unexplored area
unexplored area
unexplored area
unexplored area
unexplored area
unexplored area
unexplored area
unexplored area
unexplored area
unexplored area
unexplored area
unexplored area
unexplored area
unexplored area
unexplored area
unexplored area
unexplored area
unexplored area
unexplored area
unexplored area
unexplored area
unexplored area
unexplored area
unexplored area
unexplored area
unexplored area
unexplored area
unexplored area
unexplored area
unexplored area
unexplored area
unexplored area
unexplored area
unexplored area
unexplored area
unexplored area
unexplored area
unexplored area
unexplored area
unexplored area
unexplored area
unexplored area
unexplored area
unexplored area
unexplored area
unexplored area
unexplored area
unexplored area
unexplored area
unexplored area
unexplored area
unexplored area
unexplored area
unexplored area
unexplored area
unexplored area
unexplored area
unexplored area
unexplored area
unexplored area
unexplored area
unexplored area
unexplored area
unexplored area
unexplored area
unexplored area
unexplored area
unexplored area
unexplored area
unexplored area
unexplored area
unexplored area
unexplored area
unexplored area
unexplored area
unexplored area
unexplored area
unexplored area
unexplored area
unexplored area
unexplored area
unexplored area
unexplored area
unexplored area
unexplored area
unexplored area
unexplored area
unexplored area
unexplored area
unexplored area
unexplored area
unexplored area
unexplored area
unexplored area
unexplored area
unexplored area
unexplored area
unexplored area
unexplored area
unexplored area
unexplored area
unexplored area
unexplored area
unexplored area
unexplored area
unexplored area
unexplored area
unexplored area
unexplored area
unexplored area
unexplored area
unexplored area
unexplored area
unexplored area
unexplored area
unexplored area
unexplored area
unexplored area
unexplored area
unexplored area
unexplored area
unexplored area
unexplored area
unexplored area
unexplored area
unexplored area
unexplored area
unexplored area
unexplored area
unexplored area
unexplored area
unexplored area
unexplored area
unexplored area
unexplored area
unexplored area
unexplored area
unexplored area
unexplored area
unexplored area
unexplored area
unexplored area
unexplored area
unexplored area
unexplored area
unexplored area
unexplored area
unexplored area
unexplored area
unexplored area
unexplored area
unexplored area
unexplored area
unexplored area
unexplored area
unexplored area
unexplored area
unexplored area
unexplored area
unexplored area
unexplored area
unexplored area
unexplored area
unexplored area
unexplored area
unexplored area
unexplored area
unexplored area
unexplored area
unexplored area
unexplored area
[Spontiff the Rhizotomist ] St:14 Dx:10 Co:18 In:9 Wi:17 Ch:16 Neutral S:504 Dlvl:8 $:0 HP:0(65) Pw:15(15) AC:7 Xp:2/21 T:20899 Hungry

Latest messages:

You stop digging.
You continue digging downward.
The giant ant bites!
You stop digging.
The giant ant bites!
The giant ant bites!
You continue digging downward.
The giant ant bites!
You stop digging.
The giant ant bites!
The giant ant bites!
The giant ant just misses!
The giant ant bites!
The giant ant bites!
What do you want to use or apply? [efzS or ?*] s
You don't have that object.
What do you want to use or apply? [efzS or ?*] <esc>
Never mind.
Pick an object.
What do you want to zap? [S or ?*] S
In what direction? h
The sleep ray hits the giant ant.
You continue digging downward.
You hear crashing rock.
The giant ant bites!
You stop digging.
The giant ant bites!
The giant ant bites!
The giant ant bites!
What do you want to zap? [S or ?*] S
Nothing happens.
The giant ant bites!
The giant ant bites!
The giant ant misses!
The giant ant bites!
The giant ant bites!
The giant bat bites!
The giant ant bites!
The giant ant bites!
You drop a cursed bag called sack containing 92 items.
Your movements are now unencumbered.
You drop an uncursed leash.
You drop an uncursed pick-axe.
The giant ant misses!
What do you want to zap? [S or ?*] S
Nothing happens.
The giant ant bites!
You die...
Do you want your possessions identified? [ynq] (y) y
Do you want to see the dungeon overview? [ynq] (y) y

Inventory:

Wands

S - a cursed wand of sleep (0:0)

Spontiff the Healer's attributes:


Background:

You were a Rhizotomist, a level 2 male gnomish Healer.
You were neutral, on a mission for Hermes
who was opposed by Athena (lawful) and Poseidon (chaotic).
You were in the Dungeons of Doom, on level 8.
You entered the dungeon 20899 turns ago.
You had 21 experience points, 19 more were needed to attain level 3.
Your score was 504 before end-of-game adjustments.

Basics:

You had 0 out of 65 hit points.
You had all 15 energy points (spell power).
Your armor class was 7.
Your wallet was empty.
Autopickup was on for '$!/="?' plus thrown, with exceptions.

FinalCharacteristics:

Your strength was 14 (limit:18/50).
Your dexterity was 10 (limit:18).
Your constitution was 18 (limit:18).
Your intelligence was 9 (limit:19).
Your wisdom was 17 (limit:18).
Your charisma was 16 (limit:18).

Final Status:

You were trapped in a pit.
You were hungry.
You were unencumbered.
You were bare handed.
You were unskilled in bare handed combat.
You were not wearing any armor.

Final Attributes:

You were piously aligned.
You were poison resistant.
You were telepathic.
You had infravision.
You were invisible.
You had teleport control.
You had a small defense bonus (+3).
You were warded.
You are dead.

Miscellaneous:
You encountered 1 bones level.
Total elapsed playing time was 6 hours, 22 minutes and 17 seconds.

Major events:

Turn

1: spontiff the neutral male gnomish Healer entered the dungeon
1102: entered the Gnomish Mines
2581: reached Mine Town
9335: entered Sokoban
15199: completed 1st Sokoban level
16485: completed 2nd Sokoban level
17242: completed 3rd Sokoban level
18350: killed the Oracle
20899: killed by a giant ant

Vanquished creatures:

the Oracle
a ghost
3 small mimics
a tengu
3 watchmen
15 leprechauns
a giant spider
a vampire bat
3 lizards
a dingo
a jaguar
a white unicorn
a gray unicorn
a dust vortex
a raven
2 gnome mummies
6 water moccasins
2 human zombies
a rope golem
2 bugbears
a water nymph
a mountain nymph
2 Mordor orcs
2 Uruk-hai
an orc shaman
3 rock piercers
a rock mole
a pony
4 fog clouds
4 yellow lights
2 shriekers
a violet fungus
6 gnome leaders
a kobold mummy
a gray ooze
a ghoul
a baby crocodile
3 giant ants
2 little dogs
8 floating eyes
a kitten
19 dwarves
4 homunculi
8 kobold leaders
2 kobold shamans
8 hill orcs
9 rothes
2 centipedes
6 giant bats
4 orc zombies
5 dwarf zombies
2 wererats
3 werejackals
8 iguanas
2 killer bees
4 acid blobs
10 coyotes
2 gas spores
14 hobbits
2 manes
6 large kobolds
7 hobgoblins
9 giant rats
7 cave spiders
4 brown molds
8 yellow molds
3 green molds
5 red molds
17 gnomes
12 garter snakes
3 gnome zombies
22 geckos
14 jackals
6 foxes
5 kobolds
9 goblins
9 sewer rats
20 grid bugs
9 bats
19 lichens
3 kobold zombies
33 newts
439 creatures vanquished.
No species were genocided or became extinct.

Voluntary challenges:

You never hit with a wielded weapon.
You read items or engraved 3 times.
You never engraved Elbereth.
You never genocided any monsters.
You never polymorphed an object.
You used no wishes.
You violated the special Sokoban rules once.

Achievements:

You entered the Gnomish Mines.
You entered Minetown.
You entered a shop.
You entered a temple.
You entered Sokoban.

The Dungeons of Doom: levels 1 to 11

   Level 1:
Level 2:
A fountain.
Stairs down to The Gnomish Mines.
Level 3: "Stash"
An altar to Hermes, a fountain.
Level 4: "vault; magic trap by upstair"
An altar to Hermes, a fountain.
Level 5:
An altar.
Level 6:
Some fountains, a sink.
Final resting place for
OpticSugar-Arc-Hum-Mal-Neu, killed by a giant bat.
Level 7:
Level 8: <- You were here.
Many fountains.
Oracle of Delphi.
Final resting place for
you, killed by a giant ant.
Level 9:
A fountain.
Stairs up to Sokoban, level 8.
Level 10:
Level 11:

The Gnomish Mines: levels 3 to 11

   Level 3:
Level 4: "magic trap"
Level 5:
Level 6:
Many shops, a temple, some fountains, some trees.
Level 7: "magic traps"
Level 8:
Level 9:
Level 10:
Level 11: "Cellar"

Sokoban: levels 8 up to 5

   Level 5:
Unsolved.
Level 6:
Solved.
Level 7:
Solved.
Level 8:
Solved.

Game over:

----------
/ \
/ REST \
/ IN \
/ PEACE \
/ \
| spontiff |
| 0 Au |
| killed by a |
| giant ant |
| |
| |
| 2023 |
*| * * * | *
_________)/\\_//(\/(/\)/\//\/|_)_______

Goodbye spontiff the Healer...


You died in The Dungeons of Doom on dungeon level 8 with 504 points,
and 0 pieces of gold, after 20899 moves.
You were level 2 with a maximum of 65 hit points when you died.